 Dungeon Crawl Stone Soup version 0.31-a0-121-g1e386dd289 (webtiles) character file.

Game seed: 15200949191973600178

4 mopl the Caller (level 1, -4/13 HPs)
             Began as a Merfolk Summoner on May 31, 2023.
             Slain by a gnoll
             ... wielding a +0 whip
              (8 damage)
             ... on level 1 of the Dungeon.
             The game lasted 00:00:23 (238 turns).

mopl the Caller (Merfolk Summoner)                   Turns: 238, Time: 00:00:24

Health: -4/13      AC:  2    Str:  8    XL:     1   Next: 60%
Magic:  0/3        EV: 12    Int: 14    God:
Gold:   21         SH:  0    Dex: 14    Spells: 3/4 levels left

rFire   . . .        (no weapon)
rCold   . . .        (no shield)
rNeg    . . .        a - +0 robe
rPois   .            (no helmet)
rElec   .            (no cloak)
rCorr   .            (no gloves)
SInv    .            (no boots)
Will    .....        (no amulet)
Stlth   ++           (no ring)
HPRegen 0.22/turn    (no ring)
MPRegen 0.08/turn

%: no passive effects
@: no status effects
A: (nimble swimmer 2), mertail
a: no special abilities


You were on level 1 of the Dungeon.
You visited 1 branch of the dungeon, and saw 1 of its levels.

You collected 21 gold pieces.

Inventory:

Armour
 a - a +0 robe (worn)
Potions
 b - a potion of magic
 c - a potion of lignification {unknown}


   Skills:
 - Level 2.6 Dodging
 - Level 2.1 Stealth
 + Level 2.1 Spellcasting
 + Level 4.1 Summonings


You had 3 spell levels left.
You knew the following spells:

 Your Spells              Type           Power      Damage    Failure   Level
a - Summon Small Mammal   Summ           52%        N/A       4%          1

Your spell library contained the following spells:

 Spells                   Type           Power      Damage    Failure   Level
 Call Imp                 Summ           26%        N/A       7%          2
 Call Canine Familiar     Summ           13%        N/A       13%         3
 Summon Guardian Golem    Hex/Summ       7%         N/A       30%         3
 Summon Lightning Spire   Summ/Air       7%         N/A       69%         4


Dungeon Overview and Level Annotations

Branches:
Dungeon (1/15)

Altars:


Innate Abilities, Weirdness & Mutations

((You are very nimble when in or above water. (Stealth+, EV+, Speed+++)))
Your lower body shifts to a powerful aquatic tail in water.


Message History

Things that are here:
a +0 club; a stone; a kobold corpse You closely miss the kobold.
The kobold is severely wounded.
Your bat barely misses the kobold.
The kobold barely misses you.
Your rat bites the kobold.
The kobold dies!
No target in view!
No target in view!
No target in view!
You now have 21 gold pieces (gained 10).
You swap places.
c - a smoky puce potion A gnoll comes into view.
It is wielding a +0 whip.
Found a leather armour.
The gnoll shouts!
You hear a shout!
The gnoll hits your bat with a +0 whip!
Your bat dies!
Your bat's corpse disappears in a puff of smoke!
A hobgoblin comes into view.
Your rat disappears in a puff of smoke!
Your rat bites the gnoll but does no damage.
You are out of magic!
You are out of magic!
You are out of magic!
The gnoll attacks as you move away! The gnoll misses you.
Your rat barely misses the gnoll.
Your quokka bites the gnoll.
You hit the gnoll.
The gnoll is lightly wounded.
Your quokka completely misses the gnoll.
The gnoll hits you with a +0 whip!
Ouch! That really hurt!
A hobgoblin comes into view.
Your rat bites the gnoll.
You barely miss the gnoll.
The gnoll is moderately wounded.
Your quokka bites the gnoll.
The gnoll hits you with a +0 whip!
Ouch! That really hurt!
You die...

##.## #.# #..#
#.# ##.# #.#
#.####.## #
#.#.....######
#.###
#.............
...
##...)).......
#.####...........
#.@.......>......
#rg####..........
#.r# ###########
#[.# #g.# ...#
..... ....g.
.......


You could see a gnoll (ally target), 2 hobgoblins, a friendly quokka (summoned)
and a friendly rat (summoned).

Vanquished Creatures
  A goblin (D:1)
1 creature vanquished.

Vanquished Creatures (collateral kills)
  A hobgoblin (D:1)
  2 kobolds (D:1)
3 creatures vanquished.

Grand Total: 4 creatures vanquished

Notes
Turn   | Place    | Note
-------+----------+-------------------------------------------
     0 | D:1      | mopl the Merfolk Summoner began the quest for the Orb.
     0 | D:1      | Reached XP level 1. HP: 13/13 MP: 3/3
   238 | D:1      | Slain by a gnoll

Illustrated notes

Levels and vault maps discovered:
D:1:      lightli_molten_gateway, layout_basic,
          hellmonk_ecumenical_altar_lost_god, serial_shops, shop, shop

Action                     || total
---------------------------++-------
  Melee: Unarmed           ||    17
   Cast: Summon Small Mamm ||     6
 Armour: Robe              ||     1
  Dodge: Dodged            ||    10

Table legend: (Time is in decaauts)
 A = Elapsed time spent in this place.
 B = Non-inter-level travel time spent in this place.
 C = Inter-level travel time spent in this place.
 D = Time resting spent in this place.
 E = Time spent auto-exploring this place.
 F = Levels seen in this place.
 G = Mean time per level.
                   A        B        C        D        E       F      G
               +--------+--------+--------+--------+--------+-----+--------+
         Total |    238 |    238 |      0 |     30 |    150 |   1 |  238.0 |
       Dungeon |    238 |    238 |      0 |     30 |    150 |   1 |  238.0 |
               +--------+--------+--------+--------+--------+-----+--------+

Top non-repeatable levels by time:
     D:1: 238 daAuts
